 Dungeon Crawl Stone Soup version 0.21.1-1-g345015fe64 (webtiles) character file.

44 Barbies the Chopper (level 3, -3/33 HPs)
             Began as a Hill Orc Monk on May 30, 2018.
             Was an Initiate of Uskayaw.
             Killed from afar by Jessica (6 damage)
             ... with a wand of flame (19)
             ... on level 2 of the Dungeon.
             The game lasted 00:17:10 (1622 turns).

Barbies the Chopper (Hill Orc Monk)                 Turns: 1622, Time: 00:17:10

Health: -3/33      AC:  3    Str: 13    XL:     3   Next: 62%
Magic:  0/3        EV: 12    Int: 10    God:    Uskayaw [......]
Gold:   155        SH:  0    Dex: 14    Spells: 2/2 levels left

rFire    . . .     SeeInvis .   a - +0 hand axe
rCold    . . .     Gourm    .   (no shield)
rNeg     . . .     Faith    .   h - +0 leather armour
rPois    .         Spirit   .   (no helmet)
rElec    .         Reflect  .   (no cloak)
rCorr    .         Harm     .   (no gloves)
MR       .....                  (no boots)
Stlth    ++........             (no amulet)
HPRegen  0.11/turn              (no ring)
MPRegen  0.08/turn              (no ring)

@: no status effects
A: no striking features
a: Renounce Religion


You were on level 2 of the Dungeon.
You worshipped Uskayaw.
Uskayaw was noncommittal.
You were hungry.

You visited 1 branch of the dungeon, and saw 2 of its levels.

You collected 155 gold pieces.

Inventory:

Hand Weapons
 a - a +0 hand axe (weapon)
 g - a +3 dagger
 m - a +0 mace
Missiles
 l - 4 curare-tipped needles
 p - 39 stones (quivered)
 t - 25 bolts
 x - a throwing net
Armour
 b - a +0 robe
 e - a scarf of cloud immunity
 f - a +0 ring mail
 h - a +0 leather armour (worn)
Scrolls
 j - a scroll of enchant armour {unknown}
 k - a scroll of enchant weapon {unknown}
 n - 2 scrolls of noise {unknown}
 o - a scroll of immolation {unknown}
 r - 2 scrolls of amnesia {unknown}
 w - a scroll of teleportation {unknown}
Potions
 d - 2 potions of flight {unknown}
 i - a potion of cancellation {unknown}
 q - a potion of brilliance {unknown}
 s - 3 potions of curing {unknown}
 u - a potion of berserk rage {unknown}
 v - a potion of agility {unknown}
Comestibles
 c - 8 rations


   Skills:
 + Level 4.2 Fighting
 + Level 4.5 Axes
 + Level 1.3 Armour
 + Level 2.8 Dodging
 - Level 1.5 Stealth


You had 2 spell levels left.
You didn't know any spells.

Dungeon Overview and Level Annotations

Branches:
Dungeon (2/15)

Altars:
Gozag
Uskayaw

Annotations:
D:2 Jessica


Message History

You barely miss the goblin. The goblin misses you.
You slash the goblin!
You kill the goblin!
Jessica casts a spell at you. Pain shoots through your body!
You stomp with the beat, sending a shockwave through the revelers around you!
You feel somewhat more hungry.
You can no longer stomp with the beat.
Jessica zaps a wand.
The puff of flame hits you!
A rat comes into view.
You are feeling hungry.
You hit Jessica but do no damage.
Jessica zaps a wand.
The puff of flame hits you!
You barely miss Jessica.
Jessica zaps a wand.
The puff of flame hits you!
* * * LOW HITPOINT WARNING * * *
Jessica casts a spell.
Jessica seems to speed up.
You hit Jessica but do no damage.
Jessica zaps a wand.
The puff of flame hits you!
You die...

####..........##<###.......#
....##........#...#......#.#
.........######.⌠.######.#.#
.......### ... ###.#
....##### #.# #..# ....# ..
+##(##+ ##..# .)..#.#
##.....#####...# ......#
#...⌠..........## #..####
#...@...###.....# #.##
##..#@......_...# ...#
##.#..##.......# ...#
######.#..###.#.#..# ...#
##.........r #.#.#..# ####
##..............#....#
#...............###..#
#................ ...
###................ ....


You could see Jessica and a rat.

Vanquished Creatures
  2 worms (D:2)
  A leopard gecko (D:1)
  4 giant cockroaches
  4 goblins
  6 hobgoblins
  8 kobolds
  3 bats
  2 frilled lizards (D:1)
  4 rats
34 creatures vanquished.

Vanquished Creatures (others)
  6 toadstools (D:2)
6 creatures vanquished.

Grand Total: 40 creatures vanquished

Notes
Turn   | Place    | Note
-------+----------+-------------------------------------------
     0 | D:1      | Barbies the Hill Orc Monk began the quest for the Orb.
     0 | D:1      | Reached XP level 1. HP: 19/19 MP: 1/1
    91 | D:1      | Reached XP level 2. HP: 18/27 MP: 2/2
   788 | D:1      | Reached skill level 1 in Armour
   829 | D:1      | Reached XP level 3. HP: 29/33 MP: 3/3
  1313 | D:2      | Found a hide-covered altar of Uskayaw.
  1438 | D:2      | Became a worshipper of Uskayaw the Reveler
  1438 | D:2      | Reached * piety under Uskayaw
  1569 | D:2      | Reached ** piety under Uskayaw
  1595 | D:2      | Found an opulent altar of Gozag.
  1611 | D:2      | Noticed Jessica
  1622 | D:2      | Killed from afar by Jessica

Skill      XL: |  1  2 |
---------------+-------+-----
Fighting       | 4 |  4.2
Armour         | 1 |  1.3
Axes           | |  4.5
Dodging        | |  2.8
Stealth        | |  1.5

Action                   || total
-------------------------++-------
Melee: Hand axe          ||   131
Invok: Stomp             ||     1
 Stab: Sleeping          ||     4
  Eat: Chunk             ||     2
Armor: Robe              ||     6
       Leather armour    ||    28
Dodge: Dodged            ||    77
